[Event "*** Titled Tuesday Blitz"]
[Site "Chess.com"]
[Date "2020.01.07"]
[Round "1"]
[White "crazy_machine"]
[Black "semchik73"]
[Result "1/2-1/2"]
[WhiteElo "2656"]
[BlackElo "2335"]
[TimeControl "180+2"]
[EndTime "13:08:53 PST"]
[Termination "Game drawn by stalemate"]

1. d4 d5 2. Nc3 Nf6 3. Bf4 c6 4. e3 g6 5. Be2 Bg7 6. h4 h5 7. Nf3 O-O 8. O-O Bf5 9. Na4 Nbd7 10. b4 Ne4 11. Qe1 b5 12. Nc5 Ndxc5 13. bxc5 a5 14. c3 f6 15. a4 Qd7 16. Qc1 b4 17. c4 Nc3 18. Qb2 dxc4 19. Bxc4+ Be6 20. Nd2 Bd5 21. Rfe1 Qg4 22. f3 Qxh4 23. Bf1 f5 24. Nc4 Qf6 25. Nxa5 Rxa5 26. Qxb4 Rfa8 27. Qxc3 Rxa4 28. Rxa4 Rxa4 29.
Ra1 Rxa1 30. Qxa1 g5 31. Be5 Qe6 32. f4 Bxe5 33. dxe5 Bc4 34. Qd4 Bxf1 35. Kxf1 Kf7 36. fxg5 Kg6 37. Qf4 Qb3 38. Kg1 Qd1+ 39. Kh2 Qd5 40.
Qd4 Qe6 41. Qf4 Qd5 42. Qd4 Qe6 43. e4 Kxg5 44. Qe3+ f4 45. Qd4 Qg4 46. Qf2 e6 47.
Qe1 h4 48. Qf2 Qg3+ 49. Qxg3+ fxg3+ 50. Kh3 Kh5 1/2-1/2

[Event "*** Titled Tuesday Blitz"]
[Site "Chess.com"]
[Date "2020.01.07"]
[Round "1"]
[White "vlad_Sid"]
[Black "HrvojeZagreb"]
[Result "1-0"]
[WhiteElo "2588"]
[BlackElo "2226"]
[TimeControl "180+2"]
[EndTime "13:08:53 PST"]
[Termination "vlad_Sid won by resignation"]

1. c4 f5 2. g3 e5 3. Bg2 Nf6 4. Nc3 c6 5. d4 d6 6. Nf3 e4 7.
Nh4 g6 8. O-O Bg7 9. f3 exf3 10.
Nxf3 O-O 11. Qc2 Re8 12. Bg5 Qb6 13. Kh1 Ne4 14. Bf4 Na6 15. a3 Be6 16. Nxe4 fxe4 17. Ng5 d5 18. c5 Qd8 19. Nxe6 Rxe6 20. Bh3 Rf6 21. Rf2 Nc7 22. Bg5 Rxf2 23. Bxd8 Rxd8 24. Rf1 Rxf1+ 25. Bxf1 Bxd4 26. Qb3 b6 27. cxb6 axb6 28. e3 Bc5 29. Qc3 Rf8 30. Kg2 Rf3 31. b4 Bxe3 32.
Qxc6 Rf2+ 33. Kh3 Rxf1 34. Qxc7 d4 35. Qxb6 Rf7 36. Qe6 d3 37. Qxe4 d2 38. Qd3 Kg7 39.
b5 Rc7 40. b6 Rc1 41. b7 d1=Q 42. Qxd1 Rxd1 43. b8=Q Rd7 44. Qb2+ Bd4 45. Qb5 Rf7 46.
a4 h5 47. a5 Bg1 48. Kg2 Bd4 49. Qd5 Bf2 50. Qxf7+ Kxf7 51. Kxf2 Ke6 52. a6 Kd7 53. a7 1-0

[Event "*** Titled Tuesday Blitz"]
[Site "Chess.com"]
[Date "2020.01.07"]
[Round "1"]
[White "Saitama_Hero"]
[Black "Squirlolz"]
[Result "0-1"]
[WhiteElo "2301"]
[BlackElo "2642"]
[TimeControl "180+2"]
[EndTime "13:08:55 PST"]
[Termination "Squirlolz won by resignation"]

1. d4 Nf6 2. c4 e6 3. Nc3 c5 4. d5 exd5 5. cxd5 d6 6. e4 g6 7. f4 Bg7 8. Bb5+ Nfd7 9. a4 a6 10. Bc4 Qh4+ 11. g3 Qe7 12. e5 O-O 13. Nf3 dxe5 14.
d6 Qd8 15. O-O Nc6 16. Ng5 Nb6 17. Ba2 Nd4 18. a5 Nd7 19. Nd5 e4 20. Ne7+ Kh8 21. Nxf7+ Rxf7 22. Bxf7 Nf6 23. Nxc8 Rxc8 24. Be3 Qxd6 25.
Bc4 h5 26. h3 Rd8 27. Kg2 Qc6 28. Qa4 Nf5 29. Bc1 e3+ 30. Qxc6 bxc6 31. Bxa6 Ne4 32. g4 Nh4+ 33. Kh1 Ng3+ 34. Kg1 e2 35. Re1 Nf3+ 36. Kf2 Nxe1 37. Kxe1 Rd1+ 38. Kf2 e1=Q+ 39. Kf3 h4 40. Bc4 Qe4+ 41. Kf2 Qxc4 0-1

[Event "*** Titled Tuesday Blitz"]
[Site "Chess.com"]
[Date "2020.01.07"]
[Round "1"]
[White "dawtonlms"]
[Black "ChessSkool"]
[Result "0-1"]
[WhiteElo "2353"]
[BlackElo "2705"]
[TimeControl "180+2"]
[EndTime "13:08:56 PST"]
[Termination "ChessSkool won by resignation"]

1. e4 c6 2. d4 d5 3. exd5 cxd5 4. c4 Nf6 5. Nc3 Nc6 6. Bg5 Be6 7. a3 g6 8. c5 Bg7 9. Nf3 O-O 10. Rc1 Ng4 11.
h3 Nh6 12. Be2 Nf5 13. Be3 Nxe3 14. fxe3 Bh6 15. Qd2 Qc7 16. O-O Na5 17. Nb5 Qd8 18. Rce1 a6 19. Nc3 Nb3 20. Qd1 Bxe3+ 21. Kh1 Na5 22.
Bxa6 Bh6 23. Bb5 Qc7 24. Ne5 Rad8 25. b4 Nc6 26. Bxc6 bxc6 27. a4 Bg7 28. b5 Bd7 29. b6 Qb7 30. Qd3 Bc8 31. a5 f6 32. Nf3 Rfe8 33. Ra1 Qa6 34. Qxa6 Bxa6 35. Rfd1 e5 36. Na2 Ra8 37. Nb4 Rec8 38. Rac1 e4 39. Nh2 f5 40.
g3 Kf7 41. Rc3 Ke6 42. Ra1 Kd7 43. Nxa6 Rxa6 44. h4 Bxd4 45. Raa3 Bxc3 46. Rxc3 Rxa5 47. Nf1 d4 48. Rc4 d3 49. Ne3 Ke6 50. Rd4 Rxc5 51. Nc4 Rxc4 52. Rxc4 0-1

[Event "*** Titled Tuesday Blitz"]
[Site "Chess.com"]
[Date "2020.01.07"]
[Round "1"]
[White "DamianoLew95"]
[Black "saraswathii"]
[Result "1-0"]
[WhiteElo "2592"]
[BlackElo "2228"]
[TimeControl "180+2"]
[EndTime "13:08:56 PST"]
[Termination "DamianoLew95 won on time"]

1. e4 c5 2. Nf3 e6 3. d3 Nc6 4. Nbd2 Nf6 5. g3 d5 6. Bg2 Be7 7. O-O O-O 8. Re1 Qc7 9. e5 Nd7 10. Qe2 f6 11. exf6 Nxf6 12. Nf1 Bd6 13. Bg5 e5 14. Nh4 Be6 15. Ne3 Nd4 16. Qd1 Qf7 17.
c3 Nc6 18. Qd2 Rae8 19. Bxf6 gxf6 20. Nef5 Bxf5 21. Nxf5 Qe6 22. Bh3 Kh8 23. Qh6 Qd7 24. Qh5 Qc7 25. c4 Nb4 26. Rad1 d4 27. Re4 Rd8 28.
Rh4 Rf7 29. a3 Nc6 30. Re1 Rdf8 31. Ree4 Ne7 32. Qh6 Nxf5 33. Bxf5 Rg8 34. Rh5 Bf8 35.
Qd2 Rgg7 36. Qe2 a6 37. Reh4 b5 38. b3 bxc4 39. bxc4 Qa5 40. Qe4 Qc7 41. Rh6 a5 42. Be6 Re7 43. Rxf6 Qd8 44. Qf5 1-0

[Event "*** Titled Tuesday Blitz"]
[Site "Chess.com"]
[Date "2020.01.07"]
[Round "1"]
[White "ChessyInstinct"]
[Black "Pultis"]
[Result "0-1"]
[WhiteElo "2441"]
[BlackElo "2845"]
[TimeControl "180+2"]
[EndTime "13:08:57 PST"]
[Termination "Pultis won by resignation"]

1. d4 Nf6 2. c4 g6 3. Nc3 d5 4. Bg5 Bg7 5. Nf3 Ne4 6. Bf4 Nxc3 7. bxc3 dxc4 8. e4 b5 9. a4 c6 10. Qb1 a6 11. Ne5 O-O 12. Be2 c5 13. Be3 cxd4 14.
cxd4 Qa5+ 15. Kf1 Bb7 16. axb5 Qxb5 17. f3 Nc6 18. Bxc4 Qxb1+ 19. Rxb1 Nxe5 20. dxe5 Bc6 21. e6 f5 22. exf5 Rxf5 23. Ke2 Re5 24. Rb6 Bb5 25.
Bxb5 axb5 26. f4 Rd5 27. Rb1 Bd4 28. Bxd4 Rxd4 29. R1xb5 Ra2+ 30. Ke3 Rdd2 31. Rb8+ Kg7 32. R5b6 Rxg2 33. Re8 Ra3+ 34. Kd4 Rd2+ 35. Ke4 Re2+ 36.
Kd4 Ra7 37. Kd3 Rxh2 38. Rbb8 Rh3+ 39. Kd4 Kf6 40. Rb6 Ra4+ 41. Kd5 Rxf4 42. Rf8+ Kg5 43. Rxf4 Kxf4 44. Rb7 Rd3+ 45. Kc5 Ke5 46. Rxe7 h5 47. Re8 Kf6 48. e7 Kf7 49. Rg8 Re3 50. Rf8+ Kxe7 0-1

[Event "*** Titled Tuesday Blitz"]
[Site "Chess.com"]
[Date "2020.01.07"]
[Round "1"]
[White "Martins-BR"]
[Black "Sven_Tica"]
[Result "0-1"]
[WhiteElo "2321"]
[BlackElo "2659"]
[TimeControl "180+2"]
[EndTime "13:08:58 PST"]
[Termination "Sven_Tica won by resignation"]

1. e4 c5 2. Nf3 Nf6 3. e5 Nd5 4. d4 cxd4 5. Qxd4 e6 6. Bd3 Nc6 7. Qe4 d6 8. O-O dxe5 9. Nxe5 Nxe5 10. Qxe5 Qd6 11. Qxd6 Bxd6 12. a3 Bd7 13. Rd1 Be5 14.
c4 Nf4 15. Bf1 Bc6 16. g3 Ng6 17. f4 Bf6 18. Nc3 a6 19. Be3 Ne7 20. Bb6 O-O 21.
Kf2 Rac8 22. Rac1 Nf5 23. b3 h5 24. Bh3 g6 25. Bxf5 gxf5 26. Bd4 Be7 27. b4 Rfd8 28.
Ne2 Be4 29. c5 Rd7 30. Be5 Rcd8 31. Ke1 f6 32. Bb2 Kf7 33. Rxd7 Rxd7 34. Rd1 Rxd1+ 35. Kxd1 Ke8 36. Kd2 Kd7 37. Nd4 e5 38. Ne2 Ke6 39.
Ke3 Bd8 40. Nc3 Bh1 41. Ne2 Bc7 42. Bc3 Kd5 43. Bb2 Kc4 44. Bc1 b6 45. cxb6 Bxb6+ 46.
Kd2 Kb3 47. Ke1 Kc2 48. fxe5 fxe5 49. Bh6 Kb2 50. Bg7 Bc7 51. a4 Bc6 52. b5 axb5 53.
a5 Bxa5+ 54. Kf2 Bb6+ 55. Ke1 Bc7 56. Nf4 Kc2 57. Nxh5 b4 0-1

[Event "*** Titled Tuesday Blitz"]
[Site "Chess.com"]
[Date "2020.01.07"]
[Round "1"]
[White "temus_galaktionov"]
[Black "Induwara_IM"]
[Result "1-0"]
[WhiteElo "2754"]
[BlackElo "2387"]
[TimeControl "180+2"]
[EndTime "13:09:00 PST"]
[Termination "temus_galaktionov won by resignation"]

1. d4 Nf6 2. Nf3 d5 3. c4 dxc4 4. e3 a6 5. a4 Nc6 6. Bxc4 Bg4 7.
h3 Bxf3 8. Qxf3 e5 9. O-O Bd6 10. d5 Ne7 11. Nc3 O-O 12. e4 Ng6 13. Be3 Nd7 14.
g4 Qh4 15. Qg3 Be7 16. Qxh4 Nxh4 17. f3 h6 18. Kf2 Bg5 19. Rac1 Rfc8 20. Bxg5 hxg5 21.
Rc2 Kf8 22. Rfc1 Ke7 23. Ne2 Kd6 24. Ng3 g6 25. Bd3 c5 26. dxc6 Rxc6 27. Rxc6+ bxc6 28.
Bc4 a5 29. Nf1 Nb6 30. Bb3 f5 31. Nd2 Rb8 32. Rc3 Kc7 33. Bc2 Rf8 34. b3 Kd6 35.
Bd3 Rf6 36. Bf1 Kd7 37. Rc5 fxe4 38. Rxe5 Nxf3 39. Nxe4 Nxe5+ 40. Nxf6+ Ke6 41. Ne4 Nf7 42. Nc5+ Kd5 43. Nb7 Nd6 44. Nxa5 Ne4+ 45. Ke3 Nc5 46. Bg2+ Kd6 47. Bxc6 Nxb3 48. Nxb3 Kxc6 49. a5 Nd5+ 50.
Ke4 Nf4 51. h4 Ne6 52. h5 gxh5 53. gxh5 g4 54. Nd4+ Nxd4 55. Kxd4 g3 56. Ke3 1-0

[Event "*** Titled Tuesday Blitz"]
[Site "Chess.com"]
[Date "2020.01.07"]
[Round "1"]
[White "albano87"]
[Black "Zq1"]
[Result "1/2-1/2"]
[WhiteElo "2061"]
[BlackElo "2523"]
[TimeControl "180+2"]
[EndTime "13:09:00 PST"]
[Termination "Game drawn by repetition"]

1. d4 Nf6 2. Nf3 e6 3. g3 d5 4. Bg2 b5 5. O-O Bb7 6. a4 b4 7. Ne5 Nbd7 8. c4 Be7 9. b3 O-O 10. Bb2 a5 11. Nd2 c5 12. cxd5 Bxd5 13. e4 Bb7 14. Nxd7 Qxd7 15. e5 Nd5 16. Ne4 Rac8 17.
Rc1 Ba6 18. Re1 c4 19. Nc5 Bxc5 20. bxc4 Nc3 21. Bxc3 bxc3 22. dxc5 Qd2 23. c6 Bxc4 24. Qc2 Bb3 25. Qxc3 Qxc3 26. Rxc3 Bd5 27. Bxd5 exd5 28. c7 Rfe8 29. Rc5 f6 30. f4 fxe5 31. fxe5 Kf7 32. Rxa5 Rxc7 33. Rxd5 Ra8 34. a5 Rca7 35. e6+ Ke7 36.
Rf5 Rxa5 37. Rf7+ Kd6 38. Rd7+ Kc6 39. Rxg7 h5 40. Rd7 Re8 41. Rc1+ Kb6 42. Rd6+ Kb7 43.
Rb1+ Kc7 44. Rd7+ Kc6 45. Rc1+ Kb6 46. Rd6+ Kb7 47. Rd7+ Kb6 1/2-1/2

[Event "*** Titled Tuesday Blitz"]
[Site "Chess.com"]
[Date "2020.01.07"]
[Round "1"]
[White "David_Paravyan"]
[Black "cukus"]
[Result "1-0"]
[WhiteElo "2873"]
[BlackElo "2457"]
[TimeControl "180+2"]
[EndTime "13:09:05 PST"]
[Termination "David_Paravyan won by checkmate"]

1. e4 e5 2. Nf3 Nf6 3. Nxe5 d6 4. Nf3 Nxe4 5. d4 d5 6. Bd3 Bd6 7. O-O O-O 8. c4 c6 9. Qb3 Na6 10. Re1 Bf5 11. Nc3 Nec5 12. dxc5 Nxc5 13. Bxf5 Nxb3 14.
axb3 Bb4 15. cxd5 cxd5 16. Rd1 Bxc3 17. bxc3 Qf6 18. Nd4 a6 19. Bd2 Rfe8 20. Bd3 h6 21. g3 Re7 22. b4 Rae8 23. Kg2 Qb6 24. h4 Re5 25. Bf4 R5e7 26. Nf5 Rd7 27. Re1 Rdd8 28.
h5 Qf6 29. Nd4 Re7 30. Rac1 Rde8 31. Rh1 Rc8 32. Rh4 Ree8 33. Rg4 Kh8 34. Bd2 Rc7 35.
Nf5 Rg8 36. Re1 Rd7 37. Bb1 a5 38. bxa5 Qa6 39. Be3 Qxa5 40. Bd4 Qa6 41. Bxg7+ Rxg7 42. Re8+ Kh7 43. Rxg7# 1-0

[Event "*** Titled Tuesday Blitz"]
[Site "Chess.com"]
[Date "2020.01.07"]
[Round "1"]
[White "Doraemon7"]
[Black "masrahi"]
[Result "1-0"]
[WhiteElo "2521"]
[BlackElo "1973"]
[TimeControl "180+2"]
[EndTime "13:09:06 PST"]
[Termination "Doraemon7 won by resignation"]

1. d4 Nf6 2. c4 g6 3. Nc3 Bg7 4. Nf3 d6 5. Bg5 c6 6. e3 Qa5 7. Bh4 Bg4 8. Be2 O-O 9. O-O Nbd7 10. Qc2 e5 11. b4 Qc7 12. dxe5 dxe5 13. Nd2 Bxe2 14. Nxe2 a5 15. a3 h6 16. Rac1 axb4 17.
axb4 Ra3 18. Nc3 Rfa8 19. Rfd1 Kh7 20. Nde4 Nxe4 21. Nxe4 f5 22. Nd6 e4 23. Bg3 Ne5 24. c5 Qe7 25. Bxe5 Qxe5 26. Nc4 Qe7 27. Nxa3 Rxa3 28.
Rb1 Qe6 29. Qd2 Ra2 30. Qd7 Qc4 31. Rf1 Qe2 32. Qxb7 h5 33. Qxc6 Kh6 34. Qd6 Qc2 35. Qd1 Qc4 36. Rc1 Qb5 37. c6 Ra8 38. c7 Rc8 39.
Qd8 Qb7 40. Rfd1 Be5 41. Qxc8 Qxc8 42. Rd8 Qb7 43. c8=Q Qxb4 44. Rh8+ Kg5 45. Rd8 Bf6 46. Rdd1 Qb2 47. Qc2 h4 48. Qxb2 Bxb2 49. Rc6 f4 50. Rdd6 fxe3 51. fxe3 h3 52. Rxg6+ Kf5 53. gxh3 Bc3 54. Rxc3 Kxg6 55. Rc5 1-0

[Event "*** Titled Tuesday Blitz"]
[Site "Chess.com"]
[Date "2020.01.07"]
[Round "1"]
[White "lupta_robin"]
[Black "newauto"]
[Result "1-0"]
[WhiteElo "2531"]
[BlackElo "2030"]
[TimeControl "180+2"]
[EndTime "13:09:11 PST"]
[Termination "lupta_robin won by resignation"]

1. e4 c6 2. d4 d5 3. Nc3 dxe4 4. Nxe4 Bf5 5. Ng3 Bg6 6. h4 h6 7. Nf3 Nd7 8. h5 Bh7 9. Bd3 Bxd3 10. Qxd3 e6 11.
Bd2 Ngf6 12. O-O-O Qc7 13. Ne4 Nxe4 14. Qxe4 Nf6 15.
Qe2 Bd6 16. g4 Bf4 17. Ne5 Bxd2+ 18. Rxd2 O-O-O 19. Kb1 a6 20. a3 Rhf8 21. f4 c5 22. Rhd1 b5 23. c4 b4 24. axb4 cxb4 25. d5 Nd7 26. Nxd7 Rxd7 27. dxe6 Rxd2 28. Rxd2 Re8 29. f5 fxe6 30. fxe6 b3 31. Rd3 Qc6 32. Rxb3 Rxe6 33.
Qd3 Qe4 34. c5 Qxd3+ 35. Rxd3 Re5 36. Rd6 Rxc5 37. Rxa6 Rg5 38. Rg6 Rxg6 39. hxg6 Kd7 40. b4 Ke6 41. Kc2 Kf6 42. b5 Kxg6 43. b6 Kg5 44. b7 Kxg4 45. b8=Q h5 46. Kd3 h4 47. Ke2 g5 48. Kf2 Kh3 49. Qc8+ g4 50. Qf5 1-0

[Event "*** Titled Tuesday Blitz"]
[Site "Chess.com"]
[Date "2020.01.07"]
[Round "1"]
[White "Playgood28"]
[Black "MarcoRiehle"]
[Result "0-1"]
[WhiteElo "2275"]
[BlackElo "2619"]
[TimeControl "180+2"]
[EndTime "13:09:15 PST"]
[Termination "MarcoRiehle won by resignation"]

1. d4 d5 2. c4 e6 3. Nc3 c5 4. cxd5 cxd4 5. Qa4+ Bd7 6. Qxd4 exd5 7. Nxd5 Nc6 8. Qd1 Nf6 9. Nf3 Be6 10. Nxf6+ Qxf6 11. e3 Bb4+ 12. Bd2 Qxb2 13. Rb1 Bxd2+ 14. Nxd2 Qxa2 15.
Rxb7 O-O 16. Qb1 Qd5 17. Bd3 g6 18. Be4 Qd6 19. O-O Qxd2 20. Bxc6 Qd6 21. Bf3 Rab8 22.
Rd1 Rxb7 23. Qxb7 Qb6 24. Rb1 Qa5 25. h4 Rd8 26. h5 gxh5 27. Qb5 Qxb5 28. Rxb5 Bg4 29.
Bxg4 hxg4 30. Rg5+ Kf8 31. Rxg4 a5 32. Ra4 Ra8 33.
Kf1 Ke7 34. Ke2 Kd6 35. Kd3 Kc5 36. Kc3 Kb5 37. Kb3 Rg8 38. g3 f5 39. Rf4 Rg5 40. Rh4 h5 41. Rd4 Kc5 42. Rc4+ Kd5 43. Rd4+ Kc5 44. Ka4 Rg4 45. Rxg4 hxg4 46. Kxa5 Kd5 47. Kb5 Ke4 48. Kc5 Kf3 49. Kd5 Kxf2 50. Ke5 Kxe3 51. Kxf5 Kf3 0-1

[Event "*** Titled Tuesday Blitz"]
[Site "Chess.com"]
[Date "2020.01.07"]
[Round "1"]
[White "BasilSmash"]
[Black "Korchmar_Vasiliy"]
[Result "0-1"]
[WhiteElo "2410"]
[BlackElo "2788"]
[TimeControl "180+2"]
[EndTime "13:09:16 PST"]
[Termination "Korchmar_Vasiliy won on time"]

1. d4 Nf6 2. Nf3 g6 3. g3 Bg7 4. Bg2 O-O 5. O-O d6 6. b3 Nbd7 7. Bb2 a5 8. c4 a4 9. b4 Nb6 10. Qc1 d5 11. cxd5 Nfxd5 12. a3 Be6 13. Nbd2 c6 14.
Re1 Nc7 15. Qc2 Nb5 16. Rad1 Qc8 17. Qc1 Rd8 18. e3 Bf5 19. e4 Bh3 20. Bh1 Nxd4 21.
Nxd4 Bxd4 22. Bxd4 Rxd4 23. Nf3 Rxd1 24. Rxd1 Qg4 25.
Ne5 Qe6 26. Qc5 Qb3 27. Bf3 Nd7 28. Rxd7 Bxd7 29. Qxe7 Bh3 30. Qd6 Qb1+ 31. Qd1 Qxd1+ 32. Bxd1 Rd8 33. Bxa4 Ra8 34. Bb3 Rxa3 35. Bxf7+ Kf8 36. f4 Ra1+ 37. Kf2 Rb1 38. g4 Rxb4 39. Kg3 Bf1 40. Kf3 Rb2 41. f5 gxf5 42. gxf5 Bg2+ 43. Kf4 Re2 44.
Nd7+ Kxf7 45. e5 Bd5 0-1

[Event "*** Titled Tuesday Blitz"]
[Site "Chess.com"]
[Date "2020.01.07"]
[Round "1"]
[White "Dynamikus"]
[Black "RaunakSadhwani2005"]
[Result "1-0"]
[WhiteElo "2845"]
[BlackElo "2750"]
[TimeControl "180+2"]
[EndTime "13:09:20 PST"]
[Termination "Dynamikus won by resignation"]

1. Nf3 d5 2. c4 d4 3. g3 Nc6 4. Bg2 e5 5. d3 Bb4+ 6. Bd2 a5 7. O-O Nge7 8. Na3 f6 9. e3 Bg4 10. Nc2 Bxd2 11. Qxd2 O-O 12. exd4 Bxf3 13. Bxf3 Nxd4 14. Nxd4 Qxd4 15. Bxb7 Rab8 16. Bg2 Qc5 17. Rab1 Rfd8 18. Qc3 Qb4 19. Qc2 Nf5 20. a3 Qb3 21. Bd5+ Kh8 22. Qc3 Nd4 23. Qxa5 c6 24. Be4 f5 25. Bg2 Re8 26. Rfe1 Qxd3 27. Rbd1 Qc2 28. b4 Rbd8 29. Kh1 e4 30. Rf1 Qxc4 31. Rc1 Qe6 32. Qb6 Qa2 33. Rcd1 Qb2 34. a4 Rd5 35. a5 Qe2 36. Rxd4 Rb5 37.
Qxc6 Rbb8 38. Qc4 Qb2 39. a6 Rbc8 40. Qd5 h6 41. b5 e3 42. fxe3 Rxe3 43. a7 Ree8 44.
Ra4 Red8 45. Qxf5 Rc1 1-0

[Event "*** Titled Tuesday Blitz"]
[Site "Chess.com"]
[Date "2020.01.07"]
[Round "1"]
[White "Alexander_Moskalenko"]
[Black "chigorin28"]
[Result "1-0"]
[WhiteElo "2816"]
[BlackElo "2432"]
[TimeControl "180+2"]
[EndTime "13:09:24 PST"]
[Termination "Alexander_Moskalenko won on time"]

1. e4 c5 2. Nf3 d6 3. d4 cxd4 4.
Nxd4 Nf6 5. Nc3 a6 6. Bc4 e6 7.
Bb3 Be7 8. f4 Qc7 9. O-O O-O 10.
f5 e5 11. Nde2 h6 12. Ng3 b5 13. Nh5 Nbd7 14. Nd5 Nxd5 15. Bxd5 Qa7+ 16. Kh1 Nf6 17. Nxf6+ Bxf6 18. Qg4 Kh7 19. Be3 Qb8 20. Rad1 Bb7 21. Bxb7 Qxb7 22. Rxd6 Qe7 23. Bc5 Rac8 24. Rc6 Qd7 25.
Rd6 Qc7 26. b4 Rfd8 27. Rxa6 Qb7 28. Ra7 Qc6 29. Rxf7 Rd7 30. Rxd7 Qxd7 31. Rd1 Qf7 32. Qe2 Qxa2 33. Qxb5 Qxc2 34. Qd3 Qb2 35. g3 Rd8 36. Qf3 Ra8 37. Rf1 Ra3 38. Qf2 Qb3 39. Re1 Ra2 40.
Re2 Ra1+ 41. Kg2 Qd1 42. Kh3 Ra3 43. b5 Rb3 44. b6 Bd8 45. Rb2 Rf3 46. Qe2 Qh1 47.
b7 Bc7 48. b8=Q Bxb8 49. Rxb8 Rc3 50. Bf8 1-0

[Event "*** Titled Tuesday Blitz"]
[Site "Chess.com"]
[Date "2020.01.07"]
[Round "1"]
[White "WelshTiger"]
[Black "JustaTrickstar"]
[Result "0-1"]
[WhiteElo "2382"]
[BlackElo "2744"]
[TimeControl "180+2"]
[EndTime "13:09:24 PST"]
[Termination "JustaTrickstar won on time"]

1. e4 d6 2. d4 Nf6 3. Nc3 g6 4. f4 Bg7 5. Nf3 c5 6. Bb5+ Bd7 7.
e5 Ng4 8. e6 Bxb5 9. exf7+ Kf8 10. Nxb5 Qa5+ 11. Nc3 cxd4 12. Nxd4 Kxf7 13. Qxg4 Bxd4 14.
Bd2 Qf5 15. Qxf5+ gxf5 16. O-O-O Nc6 17. Rhe1 a6 18. Nd5 Rhg8 19. g3 Rac8 20. c3 Bh8 21. Be3 e6 22. Nb6 Rcd8 23. Rd2 h5 24. Rde2 Rde8 25.
Bf2 Bf6 26. Rd1 d5 27. Na4 h4 28. Nc5 Re7 29. Rde1 Rge8 30. gxh4 d4 31. cxd4 Bxd4 32. Nd3 Bf6 33. Ne5+ Nxe5 34. fxe5 Rc7+ 35. Kb1 Be7 36. Rc2 Rd7 37. Rc4 Rg8 38. Bg3 Rgd8 39. a3 Rd4 40.
Rec1 Rxc4 41. Rxc4 Rd7 42. Kc2 Kg6 43. Rc8 Bd8 44.
Bf4 Bxh4 45. h3 Bd8 46. b4 Kh5 47. Rc3 Rc7 48. Rxc7 Bxc7 49. Kd3 Kh4 50. Kd4 Kxh3 51. Kc5 Kg4 52. Be3 f4 53. Bd4 f3 54. a4 Kf4 55. b5 Bxe5 56. bxa6 Bxd4+ 57. Kxd4 bxa6 0-1

[Event "*** Titled Tuesday Blitz"]
[Site "Chess.com"]
[Date "2020.01.07"]
[Round "1"]
[White "Last7Samurai"]
[Black "chess3054"]
[Result "1-0"]
[WhiteElo "2800"]
[BlackElo "2416"]
[TimeControl "180+2"]
[EndTime "13:09:25 PST"]
[Termination "Last7Samurai won by resignation"]

1. d4 e6 2. Nf3 f5 3. g3 Nf6 4. Bg2 d5 5. O-O Bd6 6. b3 Qe7 7. Bb2 O-O 8. Qc1 b6 9. Ba3 c5 10. c4 Nc6 11. cxd5 exd5 12. dxc5 bxc5 13. Nc3 a6 14. Na4 Nb4 15. Bxb4 cxb4 16. Nd4 Bd7 17.
Nb6 Rab8 18. Nxd5 Nxd5 19. Bxd5+ Kh8 20. e3 Rbc8 21. Qd2 Be5 22. Rad1 Rfd8 23. Qe2 a5 24. Qf3 g6 25. Ne2 Bb5 26. Rfe1 Rc2 27. Nf4 Rxa2 28. e4 Qf6 29. Ne6 Re8 30. exf5 gxf5 31. Qh5 Bc3 32. Ng5 Qg6 33. Rxe8+ Bxe8 34. Qh4 Bf6 35. f4 Qg7 36. Re1 Bg6 37. Qh3 h6 38. Ne6 Qh7 39. Nf8 Qg7 40. Nxg6+ Qxg6 41. Qf1 Bd4+ 42.
Kh1 Qd6 43. Bg2 Kg7 44. Qc4 Bf6 45. h4 Qd2 46. Qc7+ Kg6 47. h5+ Kxh5 48. Qf7+ Kg4 49. Qg6+ Bg5 50. Rg1 Kxg3 51. fxg5 hxg5 52. Be4+ Kf4 53.
Qxf5+ Ke3 54. Qf3+ Kd4 55. Rd1 Qxd1+ 56. Qxd1+ Ke5 57. Bg2 Ra3 58. Qd5+ Kf4 59. Qe4+ Kg3 60. Qf3+ 1-0

[Event "*** Titled Tuesday Blitz"]
[Site "Chess.com"]
[Date "2020.01.07"]
[Round "1"]
[White "INLOVEWITHF"]
[Black "MatthewG-p4p"]
[Result "0-1"]
[WhiteElo "2449"]
[BlackElo "2865"]
[TimeControl "180+2"]
[EndTime "13:09:26 PST"]
[Termination "MatthewG-p4p won by resignation"]

1. d4 Nf6 2. c4 c5 3. Nf3 cxd4 4. Nxd4 e5 5. Nb5 d5 6. cxd5 Bc5 7. N1c3 O-O 8. e3 e4 9. d6 Nc6 10. Bc4 a6 11. Nc7 Rb8 12. N7d5 Ne5 13. Nxf6+ Qxf6 14. Nxe4 Bb4+ 15. Bd2 Qg6 16. Bxb4 Qxe4 17. d7 Bxd7 18. Bxf8 Qxc4 19. Qd4 Rxf8 20. Qxc4 Nxc4 21. O-O-O Be6 22. b3 Ne5 23. Kb2 h6 24. f3 a5 25. Rd6 a4 26.
Rc1 Ra8 27. Rd4 axb3 28. axb3 b5 29. f4 Ng4 30. e4 g6 31. h3 Nf2 32. Rc2 Nh1 33. Rcd2 Kg7 34. g4 Ra6 35. f5 gxf5 36.
exf5 Bc8 37. Rh2 Ng3 38. Rg2 Nf1 39. Rf2 Ne3 40. Re2 Nf1 41. Rf2 Ng3 42. Rf3 Nh1 43. Rd1 Bb7 44. Re3 h5 45. Rd4 hxg4 46. hxg4 Nf2 47. g5 Rb6 48. Rf4 Nd1+ 49. Kc1 Nxe3 50. Kd2 Nd5 51. f6+ Kg6 0-1

[Event "*** Titled Tuesday Blitz"]
[Site "Chess.com"]
[Date "2020.01.07"]
[Round "1"]
[White "pedroholly22"]
[Black "StephenDedalus83"]
[Result "0-1"]
[WhiteElo "2355"]
[BlackElo "2709"]
[TimeControl "180+2"]
[EndTime "13:09:26 PST"]
[Termination "StephenDedalus83 won by resignation"]

1. e4 g6 2. d4 Bg7 3. Nc3 d6 4. Be3 a6 5. Qd2 b5 6. f3 Bb7 7. g4 Nd7 8. Nge2 c5 9. h4 h6 10. h5 g5 11. Ng3 cxd4 12. Bxd4 Ne5 13. Be2 e6 14. O-O-O Ne7 15. Be3 d5 16. exd5 Nxd5 17. Nxd5 Qxd5 18. Qxd5 Bxd5 19. Nf5 exf5 20. Rxd5 fxg4 21.
Bd4 f6 22. fxg4 O-O 23. Bxe5 fxe5 24. Bd3 Rf4 25. Bf5 Re8 26. Bg6 Re7 27. Bf5 e4 28. Re1 e3 29. Rd8+ Kf7 30. c3 Be5 31. Bg6+ Kg7 32. Rxe3 Rxg4 33. Kc2 Rg2+ 34. Kb3 Bf6 35.
Rxe7+ Bxe7 36. Rd7 Re2 37. Ra7 g4 38. Rxa6 g3 39. Bd3 Bg5 40. Ra7+ Kf6 41. Ra6+ Ke7 42. Ra7+ Kd6 43. Ra6+ Kc7 44. Bxe2 g2 45. Bxb5 g1=Q 46.
a4 Qd1+ 47. Ka2 Qxh5 48. a5 Be3 49. Bc4 Qc5 50. Kb3 h5 51. Rb6 Qxa5 52. Rb5 Qa1 53. Be2 h4 54. Rh5 Qe1 55. Bf3 Qg3 56. Bd1 h3 57.
Bc2 Qf3 58. Rh7+ Kd6 59. Bd3 Bf4 60. Rh8 h2 0-1

[Event "*** Titled Tuesday Blitz"]
[Site "Chess.com"]
[Date "2020.01.07"]
[Round "1"]
[White "Manukyan_Artak"]
[Black "Aleksey_Sorokin"]
[Result "1-0"]
[WhiteElo "2485"]
[BlackElo "2869"]
[TimeControl "180+2"]
[EndTime "13:09:27 PST"]
[Termination "Manukyan_Artak won by resignation"]

1. e4 e5 2. Nf3 Nc6 3. d4 exd4 4.
Nxd4 Nf6 5. Nxc6 bxc6 6. e5 Qe7 7. Qe2 Nd5 8. c4 Ba6 9. b3 g6 10. g3 Bg7 11. Bb2 d6 12. Bg2 O-O 13. O-O dxe5 14. Re1 Rad8 15. Ba3 c5 16. Nd2 Nb4 17. Ne4 f5 18.
Nc3 e4 19. Bb2 c6 20. Rad1 Nd3 21. Rxd3 Rxd3 22. Qxd3 Rd8 23. Qb1 Bd4 24. Ne2 Qb7 25. Rd1 Qb6 26. Qa1 Rd7 27. Nxd4 Qd8 28. Bf1 cxd4 29. c5 Bxf1 30. Kxf1 d3 31. Be5 Qg5 32. Bd6 Qh5 33. Kg1 Qf3 34. Qc1 h5 35. Re1 h4 36.
Qe3 Qg4 37. Qf4 Qxf4 38. gxf4 Kf7 39. f3 d2 40. Rd1 e3 41. Kf1 g5 42. Ke2 Rxd6 43.
cxd6 gxf4 44. b4 Ke6 45. a4 Kxd6 46. Rb1 Kd5 47. b5 c5 48. a5 c4 49. b6 axb6 50.
a6 Kc6 51. Ra1 c3 52. a7 c2 53. a8=Q+ Kc5 54. Qc8+ 1-0

[Event "*** Titled Tuesday Blitz"]
[Site "Chess.com"]
[Date "2020.01.07"]
[Round "1"]
[White "tigra"]
[Black "Region_07"]
[Result "1-0"]
[WhiteElo "2744"]
[BlackElo "2378"]
[TimeControl "180+2"]
[EndTime "13:09:27 PST"]
[Termination "tigra won by resignation"]

1. d4 f5 2. Bf4 Nf6 3. Nf3 d6 4.
e3 g6 5. Bc4 e6 6. h3 Bg7 7. Qe2 Qe7 8. Nc3 a6 9. a4 b6 10. O-O-O Bb7 11. Ng5 d5 12. Bb3 h6 13.
Nf3 c5 14. dxc5 bxc5 15. a5 g5 16. Bxb8 Rxb8 17. Ne5 O-O 18. Ng6 Qf7 19. Nxf8 Qxf8 20. Ba4 c4 21. Na2 Qc5 22. b4 cxb3 23. Bxb3 Bc6 24.
Kb1 Ne4 25. Qxa6 Nc3+ 26. Nxc3 Qxc3 27. Rd4 Rxb3+ 28. cxb3 Qxb3+ 29. Kc1 Bxd4 30. Qxc6 Qb2+ 31. Kd1 Bc3 32. Qxe6+ Kg7 33. Qd7+ Kh8 34. Qd8+ Kg7 35. Qc7+ Kh8 36. Qd8+ Kg7 37. Qxd5 Qb1+ 38. Ke2 Qxh1 39.
Qb7+ Kg6 40. Qc6+ Bf6 41. a6 Qa1 42. Qe8+ Kg7 43. Qd7+ Kg6 44. a7 Qb2+ 45. Kf3 Qa2 46. Qe8+ Kg7 47. a8=Q g4+ 48. hxg4 fxg4+ 49. Kg3 Qc4 50.
Qb7+ 1-0